 Dungeon Crawl Stone Soup version bcrawl-1.12-8-g964540c432 (webtiles) character file.

Game seed: 17336238935281214993

1182 Ceapi the Fighter (level 8, -1/78 HPs)
             Began as a Hill Orc Berserker on June 7, 2019.
             Was an Elder of Trog.
             Shot with an arrow by a centaur (9 damage)
             ... on level 5 of the Dungeon.
             The game lasted 00:26:53 (4581 turns).

Ceapi the Fighter (Hill Orc Berserker)              Turns: 4581, Time: 00:26:53

Health: -1/78      AC:  6    Str: 22    XL:     8   Next: 42%
Magic:  8/8        EV: 10    Int:  7    God:    Trog [****..]
Gold:   89         SH:  0    Dex: 13    Spells: 7/7 levels left

rFire    . . .     SeeInvis .   A - +4 quarterstaff (chaos)
rCold    . . .     Gourm    .   (shield currently unavailable)
rNeg     . . .     Faith    .   u - +0 scale mail
rPois    .         Spirit   .   (no helmet)
rElec    .         Reflect  .   (no cloak)
rCorr    .         Harm     .   (no gloves)
MR       ++...                  (no boots)
Stlth    ..........             (no amulet)
HPRegen  1.23/turn              m - ring of wizardry
MPRegen  0.11/turn              t - +3 ring of dexterity

@: regenerating
A: no striking features
a: Berserk, Trog's Hand, Brothers in Arms, Renounce Religion


You were on level 5 of the Dungeon.
You worshipped Trog.
Trog was greatly pleased with you.
You were not hungry.

You visited 1 branch of the dungeon, and saw 5 of its levels.

You collected 271 gold pieces.
You spent 182 gold pieces at shops.

Inventory:

Hand Weapons
 n - a +4 short sword
 r - a +0 hunting sling
 A - a +4 quarterstaff of chaos (weapon)
Missiles
 s - 119 javelins (quivered)
Armour
 u - a +0 scale mail (worn)
 B - a +0 cloak
Jewellery
 m - a ring of wizardry (left hand)
 t - a +3 ring of dexterity (right hand)
Wands
 x - a wand of iceblast (10)
 y - a wand of random effects (6)
Scrolls
 e - 11 scrolls of identify
 h - 2 scrolls of fog {unknown}
 k - a scroll of teleportation {unknown}
 l - a scroll of amnesia {unknown}
 q - a scroll of enchant weapon
 v - a scroll of immolation {unknown}
 w - 2 scrolls of remove curse {unknown}
Potions
 a - a potion of lignification {unknown}
 b - a potion of brilliance {unknown}
 d - 3 potions of flight
 f - a potion of mutation {unknown}
 g - a potion of heal wounds {unknown}
 i - 2 potions of cancellation {unknown}
 j - a potion of berserk rage {unknown}
 o - a potion of curing {unknown}
 p - a potion of invisibility {unknown}
Comestibles
 c - 7 rations {!d}
 z - 6 chunks of flesh


   Skills:
 + Level 9.6 Fighting
   Level 9.6 Short Blades
   Level 9.6 Long Blades
   Level 9.6 Axes
   Level 9.6 Maces & Flails
   Level 9.6 Polearms
   Level 9.6 Staves
 - Level 2.1 Armour
 - Level 1.8 Dodging
   Level 9.6 Unarmed Combat


You had 7 spell levels left.
You didn't know any spells.
Your spell library was empty.

Dungeon Overview and Level Annotations

Branches:
Dungeon (5/12)
 Temple: D:4-7

Altars:
Elyvilon
Nemelex Xobeh

Shops:
D:4 }*}


Message History

You see here a wand of iceblast (7).
The centaur shoots an arrow.
The arrow hits you!
The centaur shoots an arrow.
The arrow hits you!
* * * LOW HITPOINT WARNING * * *
Throwing (i - inventory)
s - 120 javelins (quivered)
Press: ? - help, Shift-Dir - straight line, f - centaur
Aim: a centaur, wielding a +0 shortbow and wearing a +0 robe You throw a javelin.
The javelin hits the centaur but does no damage.
The centaur shoots an arrow.
The arrow hits you.
* * * LOW HITPOINT WARNING * * *
The centaur shoots an arrow.
The arrow hits you.
* * * LOW HITPOINT WARNING * * *
Your skin crawls.
You feel resistant to hostile enchantments.
You feel somewhat more hungry.
The centaur shoots an arrow.
The arrow hits you!
* * * LOW HITPOINT WARNING * * *
The centaur shoots an arrow.
The arrow closely misses you.
The centaur shoots an arrow.
The arrow hits you!
You die...

#...# #...#
####...####
#.........
#........
>...... #...#
#..@# #...#
##/## #.# ##.#
#..# ##.####
#.c.#<##
####......####


You could see a centaur.

Vanquished Creatures
  Grinder (D:5)
  Sigmund (D:4)
  Menkaure (D:4)
  Blork the orc (D:4)
  A scorpion (D:4)
  2 howler monkeys (D:4)
  5 crimson imps
  An orc priest (D:3)
  Crazy Yiuf (D:4)
  An orc wizard (D:3)
  A centaur skeleton (D:4)
  An iguana (D:4)
  A worker ant (D:3)
  6 adders
  2 river rats (D:3)
  A shadow imp (D:4)
  4 oozes
  An adder zombie (D:3)
  4 worms
  2 dart slugs
  3 leopard geckos
  5 orcs (D:3)
  6 bats (D:1)
  3 giant cockroaches
  11 goblins
  14 hobgoblins
  2 jackals (D:5)
  2 quokkas (D:3)
  3 ball pythons
  4 frilled lizards
  16 kobolds
  8 rats
  2 fungi (D:4)
117 creatures vanquished.

Notes
Turn   | Place    | Note
-------+----------+-------------------------------------------
     0 | D:1      | Ceapi the Hill Orc Berserker began the quest for the Orb.
     0 | D:1      | Reached XP level 1. HP: 22/22 MP: 1/1
    27 | D:1      | Reached skill level 5 in Fighting
   235 | D:1      | Reached XP level 2. HP: 28/29 MP: 2/2
   671 | D:1      | Reached XP level 3. HP: 29/36 MP: 3/3
  1135 | D:2      | Reached ** piety under Trog
  1585 | D:2      | Reached XP level 4. HP: 43/44 MP: 4/4
  1947 | D:2      | Reached skill level 6 in Fighting
  2465 | D:3      | Reached XP level 5. HP: 47/51 MP: 5/5
  2515 | D:3      | Reached *** piety under Trog
  2638 | D:3      | Reached XP level 6. HP: 58/58 MP: 6/6
  2788 | D:3      | Reached skill level 7 in Fighting
  3039 | D:3      | Found a sparkling altar of Nemelex Xobeh.
  3040 | D:3      | Found a white marble altar of Elyvilon.
  3652 | D:4      | Reached XP level 7. HP: 67/67 MP: 7/7
  3665 | D:4      | Reached skill level 8 in Fighting
  3678 | D:4      | Noticed Menkaure
  3691 | D:4      | Killed Menkaure
  3691 | D:4      | Reached **** piety under Trog
  3703 | D:4      | Noticed Sigmund
  3721 | D:4      | Killed Sigmund
  3721 | D:4      | Reached XP level 8. HP: 46/77 MP: 8/8
  3735 | D:4      | Noticed Blork the orc
  3742 | D:4      | Killed Blork the orc
  3742 | D:4      | Reached skill level 9 in Fighting
  4077 | D:4      | Found Esoenn's Gadget Emporium.
  4081 | D:4      | Bought a wand of iceblast (10) for 182 gold pieces
  4105 | D:4      | Found Guassume's General Store.
  4121 | D:4      | Found Ocruminu's Gadget Shoppe.
  4407 | D:4      | Found a runed door.
  4411 | D:4      | Noticed Crazy Yiuf
  4414 | D:4      | Killed Crazy Yiuf
  4529 | D:5      | Entered Level 5 of the Dungeon
  4548 | D:5      | Noticed Grinder
  4554 | D:5      | Paralysed by Grinder for 3 turns
  4563 | D:5      | Killed Grinder
  4581 | D:5      | Shot with an arrow by a centaur

Skill      XL: |  1  2  3  4  5  6  7  8 |
---------------+-------------------------+-----
Fighting       | 5 6 7 8 9 |  9.6
Short Blades   | |  9.6
Long Blades    | |  9.6
Axes           | |  9.6
Maces & Flails | |  9.6
Polearms       | |  9.6
Staves         | |  9.6
Armour         | |  2.1
Dodging        | |  1.8
Unarmed Combat | |  9.6

Action                   |  1- 3 |  4- 6 |  7- 9 || total
-------------------------+-------+-------+-------++-------
Melee: Hand axe          |   114 |    36 |       ||   150
       Punch             |     3 |     5 |     2 ||    10
       Short sword       |       |   140 |    73 ||   213
       Quarterstaff      |       |       |    12 ||    12
Throw: Javelin           |       |    10 |     9 ||    19
Invok: Berserk           |       |     2 |     2 ||     4
       Trog's Hand       |       |     1 |     2 ||     3
  Use: Scroll            |       |     2 |       ||     2
  Eat: Chunk             |     2 |     9 |     2 ||    13
       Ration            |       |       |     1 ||     1
Armor: Animal skin       |    22 |     7 |       ||    29
       Scale mail        |       |    44 |    11 ||    55
Dodge: Dodged            |    71 |    75 |    19 ||   165
